 Dungeon Crawl Stone Soup version 0.29.1-15-g9cfb28693d (webtiles) character file.

Game seed: 14022580174627378024

2410 Wiggles the Cleaver (level 9, -5/63 (70) HPs)
             Began as a Minotaur Berserker on Mar 28, 2023.
             Was a Priest of Trog.
             Slain by a wight
             ... wielding a +3 scimitar
              (12 damage)
             ... on level 6 of the Dungeon.
             The game lasted 00:11:54 (6221 turns).

Wiggles the Cleaver (Minotaur Berserker)            Turns: 6221, Time: 00:11:55

HP:   -5/63 (70)    AC: 12    Str: 39    XL:     9   Next: 23%
MP:   8/8           EV:  8    Int:  7    God:    Trog [***...]
Gold: 168           SH:  4    Dex:  9    Spells: 8/8 levels left

rFire   . . .      SeeInvis .   C - +1 war axe (flame)
rCold   . . .      Faith    .   d - +0 buckler
rNeg    . . .      Spirit   .   m - +0 plate armour
rPois   .          Reflect  .   i - +1 hat {Int+3}
rElec   .          Harm     .   (no cloak)
rCorr   .          Rampage  .   (no gloves)
Will    .....                   (no boots)
Stlth   ..........              (no amulet)
HPRegen 0.20/turn               o - +6 ring of strength
MPRegen 0.11/turn               q - +6 ring of strength

@: on berserk cooldown, slowed, heavily drained, very slow
A: horns 2, retaliatory headbutt
a: Renounce Religion, Berserk, Trog's Hand


You were on level 6 of the Dungeon.
You worshipped Trog.
Trog was most pleased with you.
You visited 1 branch of the dungeon, and saw 7 of its levels.

You collected 168 gold pieces.

Inventory:

Hand Weapons
 C - a +1 war axe of flaming (weapon)
Missiles
 e - 8 poisoned darts (quivered)
 D - a throwing net
Armour
 d - a +0 buckler (worn)
 i - a +1 hat of intelligence (worn)
 m - a +0 plate armour (worn)
Jewellery
 o - a +6 ring of strength (left hand)
 q - a +6 ring of strength (right hand)
 w - a ring of positive energy
 y - a ring of protection from fire
 B - a ring of magical power
Wands
 p - a wand of mindburst (11)
 v - a wand of iceblast (8)
Scrolls
 b - a scroll of amnesia
 c - a scroll of fear
 g - 4 scrolls of teleportation
 l - a scroll of enchant armour
 z - a scroll of enchant weapon
Potions
 a - 2 potions of resistance {unknown}
 j - a potion of heal wounds {unknown}
 n - a potion of lignification {unknown}
 r - 3 potions of mutation
 s - 8 potions of curing
 u - 2 potions of attraction {unknown}
 x - a potion of might {unknown}
 A - a potion of magic {unknown}
 F - a potion of flight {unknown}


   Skills:
 - Level 3.6 Fighting
 + Level 14.0 Axes
 + Level 1.0 Throwing
 - Level 2.4 Armour
 - Level 2.1 Dodging
 + Level 2.4 Stealth
 + Level 3.6 Shields


You had 8 spell levels left.
You didn't know any spells.
Your spell library was empty.

Dungeon Overview and Level Annotations

Branches:
Dungeon (7/15)             Temple (0/1) D:6

Altars:
Ashenzari
Elyvilon
Gozag
Hepliaklqana
Sif Muna
Yredelemnul

Shops:
D:4 :


Innate Abilities, Weirdness & Mutations

You have a pair of horns on your head.
You reflexively headbutt those who attack you in melee.


Message History

You block Menkaure's attack.
You slice Menkaure!! You burn Menkaure.
You destroy Menkaure!
Trog accepts your kill.
Trog appreciates your killing of a magic user.
Your Throwing skill increases to level 1!
You slice the wight!! You burn the wight.
You destroy the wight!
Trog accepts your kill.
Your Axes skill increases to level 14!
A wight comes into view. It is wielding a +0 trident.
There is a stone staircase leading up here.
Found 2 scrolls labelled KOTISH ATTAOCS.
You feel a strong urge to attack something.
You are no longer berserk.
You are exhausted.
You feel yourself slow down.
You closely miss the wight. You barely miss the wight.
The wight hits you with a +3 scimitar!
You feel drained. The wight barely misses you.
The wight hits you with a +0 halberd. The wight barely misses you.
You closely miss the wight.
You headbutt the wight, but do no damage.
You hit the wight. You burn the wight. The wight hits you with a +3 scimitar!
You feel drained. The wight hits you with a +0 halberd.
You feel drained.
The wight hits you from afar with a +0 trident!
You feel drained.
Okay, then.
The wight hits you from afar with a +0 halberd.
The wight hits you with a +3 scimitar.
* * * LOW HITPOINT WARNING * * *
There is a stone staircase leading up here.
The wight hits you with a +3 scimitar!
* * * LOW HITPOINT WARNING * * *
You block the wight's attack.
You climb upwards.
There is a stone staircase leading down here.
You hit the wight but do no damage. Your headbutt misses the wight.
The wight hits you with a +3 scimitar!
You die...

.### #....## #........
...## ##....## #........
#...### #.....# #........
##..>.## ##....## #........
###...## #.....##
##.)...... ##...###
##.....# ###.........
###..<##
#.(...###.)#.......#
##...####..z..#...#......##
##)...##.@.......#.....##
###.....##........####.##
##...........##....# ###
##...........###....##
###..............#.....#
##................#.....#
##......[..........#.....#
#........................#
.............§§§§§#......#


You could see a wight.

Vanquished Creatures
  Pikel (D:7)
  Menkaure (D:7)
  2 ice beasts (D:6)
  5 ogres
  A phantom (D:4)
  3 necrophages (D:5)
  5 wights
  A howler monkey (D:5)
  An orc priest (D:5)
  5 hounds
  A gnoll bouda (D:6)
  5 iguanas
  Natasha (thrice) (D:2)
  2 orc wizards (D:6)
  Robin (D:4)
  5 gnolls (D:6)
  9 adders
  A white imp (D:5)
  An ufetubus (D:5)
  A worm (D:3)
  3 dart slugs
  11 orcs
  7 endoplasms
  2 giant cockroaches (D:2)
  13 goblins
  8 hobgoblins
  11 jackals
  3 kobolds
  2 quokkas
  5 ball pythons
  2 bats
  5 frilled lizards
  2 rats
128 creatures vanquished.

Notes
Turn   | Place    | Note
-------+----------+-------------------------------------------
     0 | D:1      | Wiggles the Minotaur Berserker began the quest for the Orb.
     0 | D:1      | Reached XP level 1. HP: 19/19 MP: 0/0
   115 | D:1      | Reached skill level 4 in Axes
   295 | D:1      | Reached XP level 2. HP: 14/26 MP: 1/1
  1157 | D:2      | Reached skill level 5 in Axes
  1279 | D:2      | Reached XP level 3. HP: 31/31 MP: 2/2
  1323 | D:2      | Noticed Natasha
  1330 | D:2      | Killed Natasha
  1618 | D:2      | Noticed Natasha
  1630 | D:2      | Killed Natasha
  1630 | D:2      | Reached ** piety under Trog
  1631 | D:2      | Reached skill level 6 in Axes
  1631 | D:2      | Reached XP level 4. HP: 26/39 MP: 3/3
  1916 | D:2      | Noticed Natasha
  1921 | D:2      | Killed Natasha
  2071 | D:3      | Reached XP level 5. HP: 44/45 MP: 4/4
  2410 | D:3      | Reached skill level 7 in Axes
  2582 | D:4      | Found Waegul's Book Shoppe.
  2582 | D:4      | You fall into a shaft and drop 2 floors!
  2594 | D:6      | Noticed an ice beast
  2598 | D:6      | Killed an ice beast
  2599 | D:6      | Reached skill level 1 in Stealth
  2661 | D:5      | Entered Level 5 of the Dungeon
  2662 | D:5      | Noticed an ogre
  2672 | D:5      | Killed an ogre
  2673 | D:5      | Reached skill level 8 in Axes
  2673 | D:5      | Reached XP level 6. HP: 51/51 MP: 5/5
  2825 | D:5      | Reached skill level 9 in Axes
  2825 | D:5      | Reached skill level 1 in Shields
  2854 | D:5      | Reached XP level 7. HP: 53/57 MP: 6/6
  3440 | D:4      | Noticed Robin
  3450 | D:4      | Reached *** piety under Trog
  3459 | D:4      | Killed Robin
  3462 | D:4      | Reached skill level 10 in Axes
  3885 | D:4      | Found a hazy altar of Hepliaklqana.
  3885 | D:4      | Found a basalt altar of Yredelemnul.
  4428 | D:5      | Identified the +1 ring mail of the Teacher {Harm rN+ Int-2
                  | Dex+8}
  4452 | D:5      | Reached skill level 11 in Axes
  4452 | D:5      | Reached XP level 8. HP: 29/64 MP: 7/7
  4625 | D:5      | Found an opulent altar of Gozag.
  4627 | D:5      | Found a shimmering blue altar of Sif Muna.
  4635 | D:5      | Found a broken altar of Ashenzari.
  4757 | D:5      | Found a white marble altar of Elyvilon.
  5343 | D:6      | Reached skill level 12 in Axes
  5749 | D:6      | Found a staircase to the Ecumenical Temple.
  5867 | D:6      | Reached skill level 13 in Axes
  6201 | D:7      | Noticed Menkaure
  6201 | D:7      | Noticed Pikel
  6207 | D:7      | Killed Pikel
  6208 | D:7      | Reached XP level 9. HP: 70/70 MP: 8/8
  6210 | D:7      | Killed Menkaure
  6211 | D:7      | Reached skill level 1 in Throwing
  6212 | D:7      | Reached skill level 14 in Axes
  6221 | D:6      | Slain by a wight

Illustrated notes

Levels and vault maps discovered:
D:1:      tarquinn_simple_flora_water_a, layout_basic
D:2:      layout_basic, minmay_tetromino_i4, uniq_natasha
D:3:      layout_rooms
D:4:      layout_cave_pods, gammafunk_temple_overflow_wave, serial_shops,
          nicolae_stop_n_shop_2, dk_vineyard_3, uniq_robin
D:5:      layout_basic, kennysheep_mini_moat, grunt_temple_overflow_open,
          dk_noncrumbling_3, roderic_lattice_a, st_stairs_14, minmay_checkerbox
D:6:      layout_cave_pods, temple_statues
D:7:      layout_cave_pools, minivault_24, corexii_item_surrounded_by_moat,
          kennysheep_another_room, uniq_menkaure, uniq_pikel

Skill      XL: |  1  2  3  4  5  6  7  8  9 |
---------------+----------------------------+-----
Axes           | 4 5 6 8 9 11 13 14 | 14.0
Stealth        | 1 2 |  2.4
Shields        | 1 2 3 |  3.6
Throwing       | 1 |  1.0
Fighting       | |  3.6
Armour         | |  2.4
Dodging        | |  2.1

Action                   |  1- 3 |  4- 6 |  7- 9 || total
-------------------------+-------+-------+-------++-------
Melee: Hand axe          |    91 |    84 |    68 ||   243
       Headbutt          |    14 |    13 |    17 ||    44
       Punch             |     1 |       |       ||     1
       War axe           |       |       |    78 ||    78
Throw: Dart              |       |       |     6 ||     6
Invok: Berserk           |       |     3 |     3 ||     6
  Use: Scroll            |       |       |    11 ||    11
Armor: Leather armour    |     4 |       |       ||     4
       Animal skin       |     1 |       |       ||     1
       Plate armour      |    33 |    44 |    83 ||   160
Dodge: Dodged            |    36 |    17 |    50 ||   103
Block: Buckler           |     2 |     7 |    22 ||    31
